 Dungeon Crawl Stone Soup version 0.29-a0-330-g52719c12eb (webtiles) character file.

Game seed: 17011201696857858849

41765 Aelig the Arsonist (level 13, -4/105 HPs)
             Began as a Demigod Fire Elementalist on May 8, 2022.
             Slain by a boulder beetle (54 damage)
             ... on level 11 of the Dungeon.
             The game lasted 01:31:08 (26135 turns).

Aelig the Arsonist (Demigod Fire Elementalist)     Turns: 26135, Time: 01:31:09

Health: -4/105     AC: 13    Str:  9    XL:     13   Next: 45%
Magic:  6/23       EV: 10    Int: 42    God:
Gold:   1593       SH:  0    Dex: 20    Spells: 1/20 levels left

rFire   . . .      SeeInvis +   a - +6 trident (freeze)
rCold   . . .      Faith    +   (no shield)
rNeg    . . .      Spirit   .   n - +0 ring mail of Xuqo {Int+9}
rPois   .          Reflect  .   y - +1 hat {Will+}
rElec   .          Harm     .   (no cloak)
rCorr   .          Rampage  .   R - +1 pair of gloves
Will    ++...                   J - +0 pair of boots
Stlth   ++........              r - amulet of Jasaqucu {Faith Dex+6}
HPRegen 0.27/turn               v - +4 ring of protection
MPRegen 0.18/turn               M - ring of see invisible

@: no status effects
A: high MP 1, forlorn, divine attributes
a: no special abilities


You were on level 11 of the Dungeon.
You visited 2 branches of the dungeon, and saw 16 of its levels.
You also visited: Bailey.

You collected 2288 gold pieces.
You spent 695 gold pieces at shops.

Inventory:

Hand Weapons
 a - a +6 trident of freezing (weapon)
 b - the +6 dagger "Hiczawk" {protect, rElec Str+3 Stlth+}
   (You found it on level 3 of the Dungeon)

   It grants its wielder temporary protection when it strikes (+7 to AC).
   Str:       It affects your strength (+3).
   rElec:     It insulates you from electricity.
   Stlth:     It makes you more stealthy.
Missiles
 e - 448 stones (quivered)
 B - 4 throwing nets
Armour
 n - the +0 ring mail of Xuqo (worn) {Int+9}
   (You found it on level 2 of the Dungeon)

   Int:       It affects your intelligence (+9).
 y - a +1 hat of willpower (worn)
 J - a +0 pair of boots (worn)
 R - a +1 pair of gloves (worn)
Jewellery
 r - the amulet of Jasaqucu (around neck) {Faith Dex+6}
   (You bought it in a shop on level 1 of the Dungeon)

   [amulet of faith]

   It allows you to gain divine favour quickly.
   Dex:       It affects your dexterity (+6).
 v - a +4 ring of protection (left hand)
 L - an amulet of guardian spirit
 M - a ring of see invisible (right hand)
 O - a ring of willpower
 P - a +4 ring of evasion
Wands
 N - a wand of iceblast (10)
 Q - a wand of paralysis (7)
Scrolls
 d - 3 scrolls of fear
 h - 7 scrolls of teleportation
 i - 3 scrolls of summoning {unknown}
 j - 3 scrolls of blinking
 k - 7 scrolls of vulnerability
 l - a scroll of fog {unknown}
 m - 5 scrolls of amnesia
 q - 2 scrolls of brand weapon {unknown}
 s - 6 scrolls of magic mapping
 u - 4 scrolls of immolation {unknown}
 x - 4 scrolls of enchant armour {unknown}
 C - a scroll of holy word {unknown}
 F - 2 scrolls of torment {unknown}
Potions
 c - 2 potions of lignification {unknown}
 f - 12 potions of curing
 g - 2 potions of resistance
 o - 5 potions of mutation
 p - 2 potions of haste
 t - 3 potions of ambrosia {unknown}
 w - a potion of might
 z - 2 potions of cancellation {unknown}
 A - 3 potions of brilliance
 D - 2 potions of magic
 E - 2 potions of flight {unknown}
 G - 3 potions of heal wounds
 H - 4 potions of invisibility {unknown}
 I - 2 potions of attraction {unknown}
 K - 2 potions of berserk rage {unknown}


   Skills:
 + Level 7.5 Fighting
 - Level 12.0 Polearms
 - Level 1.7 Dodging
 - Level 1.7 Stealth
 + Level 4.1 Spellcasting
 - Level 10.0 Conjurations
 - Level 5.0 Hexes
 - Level 4.0 Translocations
 + Level 3.4 Transmutations
 + Level 13.4 Fire Magic
 + Level 2.1 Air Magic
 + Level 3.5 Poison Magic


You had one spell level left.
You knew the following spells:

 Your Spells              Type           Power      Damage    Failure   Level
a - Foxfire               Conj/Fire      100%       2x1d9     1%          1
b - Scorch                Fire           100%       2d10      1%          2
c - Conjure Flame         Conj/Fire      82%        6-21      1%          3
d - Inner Flame           Hex/Fire       72%        N/A       1%          3
e - Flame Wave            Conj/Fire      82%        2d14      1%          4
f - Blink                 Tloc           84%        N/A       2%          2
g - Ignite Poison         Fire/Tmut/Pois 60%        N/A       1%          3
z - Apportation           Tloc           84%        N/A       1%          1

Your spell library contained the following spells:

 Spells                   Type           Power      Damage    Failure   Level
 Beastly Appendage        Tmut           74%        N/A       1%          1
 Slow                     Hex            100%       N/A       1%          1
 Sting                    Tmut/Pois      100%       1d8       1%          1
 Animate Skeleton         Necr           16%        N/A       8%          1
 Sandblast                Erth           16%        2d6       8%          1
 Summon Small Mammal      Summ           32%        N/A       8%          1
 Mephitic Cloud           Conj/Pois/Air  51%        N/A       2%          3
 Poisonous Vapours        Pois/Air       64%        N/A       3%          2
 Confusing Touch          Hex            50%        N/A       3%          3
 Stone Arrow              Conj/Erth      100%       3d13      3%          3
 Fulminant Prism          Conj/Hex       32%        3d16      3%          4
 Ensorcelled Hibernation  Hex/Ice        58%        N/A       4%          2
 Spider Form              Tmut/Pois      37%        N/A       5%          3
 Passwall                 Tmut/Erth      19%        N/A       6%          2
 Corpse Rot               Necr/Air       34%        N/A       8%          2
 Summon Guardian Golem    Hex/Summ       29%        N/A       9%          3
 Swiftness                Air            26%        N/A       10%         3
 Ozocubu's Armour         Ice            8%         N/A       24%         3
 Vampiric Draining        Necr           8%         2d6       24%         3
 Freezing Cloud           Conj/Ice/Air   21%        6-21      38%         5
 Manifold Assault         Tloc           42%        N/A       38%         5
 Alistair's Intoxication  Tmut/Pois      24%        N/A       45%         5
 Animate Armour           Summ/Erth      16%        N/A       61%         4
 Animate Dead             Necr           4%         N/A       61%         4
 Summon Ice Beast         Ice/Summ       8%         N/A       61%         4
 Metabolic Englaciation   Hex/Ice        14%        N/A       61%         5
 Summon Mana Viper        Hex/Summ       29%        N/A       61%         5
 Conjure Ball Lightning   Conj/Air       28%        3x3d8     69%         6
 Orb of Destruction       Conj           37%        9d11      73%         7
 Borgnjor's Vile Clutch   Necr/Erth      4%         N/A       91%         5
 Dispersal                Tloc           21%        N/A       93%         6
 Death Channel            Necr           4%         N/A       100%        6
 Simulacrum               Ice/Necr       4%         N/A       100%        6
 Monstrous Menagerie      Summ           4%         N/A       100%        7
 Spellforged Servitor     Conj/Summ      25%        N/A       100%        7
 Storm Form               Tmut/Air       16%        N/A       100%        7
 Discord                  Hex            25%        N/A       100%        8
 Disjunction              Tloc           21%        N/A       100%        8
 Lehudib's Crystal Spear  Conj/Erth      25%        10d7      100%        8


Dungeon Overview and Level Annotations

Branches:
Dungeon (11/15)            Temple (0/1) D:5            Lair (5/6) D:10
 Shoals (0/4) Lair:2       Spider (0/4) Lair:3       Bailey (visited)
  Slime: Lair:5-6       Orc: D:9-12

Shops:
D:1 !*   D:3 =   D:8 *   D:9 :

Annotations:
D:9 4 runed translucent doors, exclusion: statue
Lair:2 exclusion: door


Innate Abilities, Weirdness & Mutations

You have an increased reservoir of magic. (+10% MP)
You shall have no god before yourself.
Your divine heritage dramatically boosts your attributes as you level up.


Message History

You reach to attack!
You hit the boulder beetle but do no damage.
The boulder beetle is heavily wounded.
The boulder beetle waves its antennae.
Reach: a) +6 trident (freeze)
Press: ? - help, Dir - move target, f/p - boulder beetle
Aim: a boulder beetle (heavily wounded, about 8% to evade your +6 trident of freezing)
You hit the boulder beetle but do no damage.
The boulder beetle is heavily wounded.
Reach: a) +6 trident (freeze)
Press: ? - help, Dir - move target, f/p - boulder beetle
Aim: a boulder beetle (heavily wounded, about 8% to evade your +6 trident of freezing)
You hit the boulder beetle but do no damage.
The boulder beetle is heavily wounded.
The boulder beetle bites you but does no damage.
Reach: a) +6 trident (freeze)
Press: ? - help, Dir - move target, f/p - boulder beetle
Aim: a boulder beetle (heavily wounded, about 8% to evade your +6 trident of freezing)
You barely miss the boulder beetle.
The boulder beetle is heavily wounded.
The boulder beetle leaps!
You start resting.
A boulder beetle is nearby!
The boulder beetle curls into a ball and begins rolling!
Casting: Scorch (safe; 1% risk of failure)
Confirm with . or Enter, or press ? or * to list all spells.
You blink.
The boulder beetle stops rolling and uncurls.
The boulder beetle curls into a ball and begins rolling!
The boulder beetle hits you!!!
The boulder beetle stops rolling and uncurls.
The boulder beetle waves its antennae.
The boulder beetle curls into a ball and begins rolling!
Blink to where?
Press: ? - help, Dir - move target, p - boulder beetle
As you read the scroll of blinking, it crumbles to dust.
The boulder beetle attacks as you move away!
The boulder beetle hits you!!!
Ouch! That really hurt!
You die...

#.# #.# ## #.# ### .# #.#
##.## .#### #[#
######.#.#####
....#####.#####.@..........#
.##.............#B.#...###.#
.######.....#####°.##..# #.#
.# ##...## #°.##..# #.# .#
##.## #..##..# #.# ## #.#
#..###.# #.# #.#
#..###.###○# #+#
#...○...§B.# ######.#####


You could see a boulder beetle (rolling).

Vanquished Creatures
  Gastronok (D:8)
  An orc warlord (Bailey)
  Josephine (D:10)
  7 hydras
  Erica (D:10)
  4 two-headed ogres
  A lindwurm (Lair:5)
  Pikel (D:8)
  15 elephants
  2 black mambas
  Maggie (D:7)
  Psyche (D:8)
  2 komodo dragons
  11 cane toads
  A rime drake (Lair:3)
  A troll (D:10)
  11 blink frogs
  5 wraiths
  A redback (Lair:3)
  39 yaks
  5 wyverns
  A basilisk (Lair:4)
  4 steam dragons
  2 acid dragons (D:9)
  15 water moccasins
  Duvessa (D:7)
  12 orc warriors
  3 ice beasts
  A sky beast (D:7)
  A black bear (Lair:3)
  2 ogres
  2 centaurs
  36 wolves
  4 lemures (D:8)
  2 phantoms
  A kobold brigand (D:10)
  A scorpion (D:5)
  23 bullfrogs
  2 necrophages
  9 wights
  Dowan (D:7)
  6 killer bees (D:11)
  3 howler monkeys
  9 electric eels
  A lava snake (Lair:2)
  4 orc priests
  A gnoll shaman (D:8)
  6 hounds
  6 jellies
  Terence (D:3)
  4 iguanas
  2 orc wizards
  6 hell rats (Lair:1)
  11 gnolls
  5 adders
  A shadow imp (D:8)
  A white imp (D:7)
  2 ufetubi
  2 dart slugs
  34 orcs
  6 ball pythons
  3 endoplasms
  3 giant cockroaches
  6 hobgoblins
  2 jackals (D:3)
  3 quokkas
  3 bats
  5 frilled lizards
  7 goblins
  17 kobolds
  7 rats
402 creatures vanquished.

Vanquished Creatures (collateral kills)
  4 foxfires
4 creatures vanquished.

Vanquished Creatures (others)
  839 foxfires
  43 fungi
  61 plants
943 creatures vanquished.

Grand Total: 1349 creatures vanquished

Notes
Turn   | Place    | Note
-------+----------+-------------------------------------------
     0 | D:1      | Aelig the Demigod Fire Elementalist began the quest for the
                  | Orb.
     0 | D:1      | Reached XP level 1. HP: 14/14 MP: 5/5
    29 | D:1      | Reached skill level 1 in Conjurations
   165 | D:1      | Found Zeuneoka's Assorted Antiques.
   420 | D:1      | Reached skill level 3 in Fire Magic
   432 | D:1      | Found Xumatys's Distillery.
   830 | D:2      | Reached XP level 2. HP: 20/20 MP: 4/7
   854 | D:2      | Learned a level 2 spell: Scorch
  1057 | D:2      | Noticed a phantom
  1070 | D:2      | Killed a phantom
  1071 | D:2      | Reached XP level 3. HP: 20/26 MP: 0/8
  1071 | D:2      | Reached XP level 4. HP: 25/33 MP: 0/9
  1322 | D:2      | Identified the +0 ring mail of Xuqo {Int+9}
  1362 | D:2      | Learned a level 3 spell: Conjure Flame
  1776 | D:3      | Reached skill level 4 in Fire Magic
  2144 | D:3      | Found Qinixzuce's Jewellery Emporium.
  2269 | D:3      | Reached XP level 5. HP: 38/38 MP: 8/10
  2318 | D:3      | Identified the +6 dagger "Hiczawk" {protect, rElec Str+3
                  | Stlth+}
  2341 | D:3      | Noticed Terence
  2375 | D:3      | Killed Terence
  2994 | D:1      | Bought a brightly glowing sapphire amulet for 95 gold
                  | pieces
  2994 | D:1      | Identified the amulet of Jasaqucu {Faith Dex+6} (You bought
                  | it in a shop on level 1 of the Dungeon)
  3633 | D:5      | Entered Level 5 of the Dungeon
  3633 | D:5      | Noticed a water moccasin
  3636 | D:5      | Killed a water moccasin
  3637 | D:5      | Reached skill level 5 in Fire Magic
  3637 | D:5      | Reached XP level 6. HP: 45/45 MP: 6/11
  4099 | D:5      | Reached skill level 5 in Conjurations
  4099 | D:5      | Reached XP level 7. HP: 50/50 MP: 5/12
  4323 | D:5      | Reached skill level 6 in Fire Magic
  4477 | D:5      | Found a staircase to the Ecumenical Temple.
  4574 | D:5      | You fall into a shaft and drop 1 floor!
  4631 | D:5      | Got the Tome of Moulding
  5593 | D:6      | Reached XP level 8. HP: 47/57 MP: 3/13
  5795 | D:6      | Reached skill level 7 in Fire Magic
  6086 | D:6      | Reached skill level 1 in Polearms
  7243 | D:6      | Reached skill level 8 in Fire Magic
  7936 | D:7      | Reached XP level 9. HP: 62/62 MP: 8/14
  8063 | D:7      | Reached skill level 5 in Polearms
  8265 | D:6      | Learned a level 3 spell: Inner Flame
  8799 | D:7      | Noticed Maggie
  8818 | D:6      | Learned a level 1 spell: Apportation
  8913 | D:8      | Noticed Gastronok
  9184 | D:8      | Reached skill level 1 in Hexes
  9184 | D:8      | Reached skill level 1 in Translocations
  9264 | D:8      | Noticed Pikel
  9277 | D:8      | Killed Pikel
  9279 | D:8      | Found Lixtes's Overcharged Wands.
  9624 | D:8      | Noticed Psyche
  9629 | D:8      | Killed Psyche
  9630 | D:8      | Reached XP level 10. HP: 69/69 MP: 9/15
  9936 | D:8      | Killed Gastronok
  9937 | D:8      | Reached skill level 10 in Polearms
  9937 | D:8      | Reached skill level 9 in Fire Magic
 10316 | D:8      | Identified the +1 pair of gloves of Viecuabi {*Slow rC+
                  | rN+++ Stlth-}
 10438 | D:8      | Reached skill level 10 in Fire Magic
 10603 | D:9      | Found a flagged portal.
 10609 | Bailey   | Entered a bailey
 10639 | Bailey   | Noticed an orc warlord
 10900 | Bailey   | Reached skill level 1 in Fighting
 11036 | Bailey   | Found a runed translucent gate.
 11037 | Bailey   | Found a runed translucent gate.
 11042 | Bailey   | Found a runed translucent gate.
 11213 | Bailey   | Killed an orc warlord
 11504 | Bailey   | Got the Disquisition on Contamination and Lightness
 11556 | D:9      | Acquired 1225 gold pieces
 11579 | D:9      | Noticed a two-headed ogre
 11585 | D:9      | Killed a two-headed ogre
 11794 | D:9      | Found Biemegav's Book Boutique.
 11816 | D:9      | Noticed a two-headed ogre
 11828 | D:9      | Killed a two-headed ogre
 12045 | D:7      | Killed Maggie
 12046 | D:7      | Reached XP level 11. HP: 65/81 MP: 7/19
 12189 | D:7      | Noticed Dowan
 12190 | D:7      | Noticed Duvessa
 12202 | D:7      | Killed Dowan
 12202 | D:7      | Killed Duvessa
 12408 | D:3      | Bought a ring of see invisible for 180 gold pieces
 12937 | D:9      | Found a huge runed translucent gate.
 12938 | D:9      | Found a huge runed translucent gate.
 12939 | D:9      | Found a huge runed translucent gate.
 12939 | D:9      | Noticed a death yak
 12940 | D:9      | Found a huge runed translucent gate.
 12941 | D:9      | Noticed a death yak
 13323 | D:10     | Entered Level 10 of the Dungeon
 13336 | D:10     | Noticed Josephine
 13649 | D:10     | Learned a level 4 spell: Flame Wave
 13711 | D:10     | Killed Josephine
 13891 | D:10     | Found a staircase to the Lair.
 13930 | D:10     | Noticed a two-headed ogre
 14179 | D:10     | Noticed a two-headed ogre
 14202 | D:10     | Killed a two-headed ogre
 14241 | D:10     | Killed a two-headed ogre
 14242 | D:10     | Reached skill level 5 in Hexes
 14536 | D:10     | Learned a level 2 spell: Blink
 14592 | D:10     | Noticed Erica
 14983 | D:10     | Killed Erica
 14984 | D:10     | Reached skill level 11 in Fire Magic
 15365 | Lair:1   | Entered Level 1 of the Lair of Beasts
 15827 | Lair:1   | You fall into a shaft and drop 1 floor!
 15827 | Lair:2   | Noticed a seven-headed hydra
 16375 | Lair:1   | Reached XP level 12. HP: 66/91 MP: 12/21
 16923 | Lair:2   | Reached skill level 12 in Fire Magic
 17124 | Lair:2   | Killed a seven-headed hydra
 17676 | Lair:2   | Reached skill level 5 in Fighting
 20262 | Lair:3   | Noticed an eight-headed hydra
 20272 | Lair:3   | Killed an eight-headed hydra
 20653 | Lair:3   | Found a hole to the Spider Nest.
 21168 | D:9      | Bought a Trismegistus Codex for 420 gold pieces
 21175 | D:9      | Learned a level 3 spell: Ignite Poison
 21265 | Lair:4   | Got Sif Muna's Disquisition on Curses
 21716 | Lair:4   | Reached skill level 13 in Fire Magic
 22024 | Lair:4   | Noticed a seven-headed hydra
 22034 | Lair:4   | Killed a seven-headed hydra
 22035 | Lair:4   | Reached skill level 1 in Transmutations
 22035 | Lair:4   | Reached skill level 1 in Poison Magic
 22406 | Lair:4   | Reached XP level 13. HP: 104/104 MP: 7/22
 24142 | Lair:5   | Reached skill level 10 in Conjurations
 24307 | Lair:5   | Reached skill level 1 in Air Magic
 25317 | Lair:5   | Identified the +4 ring mail "Soud" {Slay+2}
 26135 | D:11     | Slain by a boulder beetle

Illustrated notes

Levels and vault maps discovered:
D:1:      scummos_arrival_forest, layout_basic,
          shapermc_ecumenical_altar_acropolis, serial_shops,
          nicolae_shop_statue_plus, nicolae_shop_advertising_works
          [nicolae_subvault_shop_adworks]
D:2:      layout_basic
D:3:      layout_loops_ring, serial_shops, shop, uniq_terence
D:4:      layout_loops_ring, nicolae_uskayaw_suspiria,
          grunt_temple_overflow_open
D:5:      cheibrodos_two_vegetables, layout_basic, temple_green
D:6:      kennysheep_steamy, layout_loops_corners, hangedman_minor_gate_pass
D:7:      layout_basic, minmay_misc_feat_secret_circle, uniq_maggie,
          uniq_duvessa
D:8:      layout_basic, nicolae_shop_overcharged_wands, uniq_psyche, uniq_pikel,
          uniq_gastronok
D:9:      lemuel_bear_cage, layout_loops_ring, vehumet_statue, enter_bailey_2,
          serial_shops, nicolae_shop_window_shopping, hangedman_decor_opposing
D:10:     layout_long_grid, erik_lair_island, nrook_uturn, serial_bayou_pond_e,
          hangedman_decor_points, minmay_tree_intersection, uniq_erica,
          uniq_josephine
D:11:     evilmike_iron_armoury, layout_loops_corners, orc_0_dummy,
          minivault_16, david_defended_altar_orc
Lair:1:   layout_regular_city, serial_bayou_lake_a, grunt_megastairs_1
Lair:2:   layout_gridlike, minmay_shoals_entry_hut, enter_volcano_1,
          serial_bayou_pond_b, serial_bayou_pond_d,
          grunt_forest_large_clearings, infiniplex_staircase_pool_2
Lair:3:   layout_regular_city, spider_nest_entry_webs
Lair:4:   layout_hall_layers
Lair:5:   layout_layer_cave

Skill      XL: |  1  2  3  4  5  6  7  8  9 10 11 12 13 |
---------------+----------------------------------------+-----
Conjurations   | 1 2 3 4 5 6 7 8 9 10 | 10.0
Fire Magic     | 3 4 5 6 8 10 11 13 | 13.4
Polearms       | 4 9 10 12 | 12.0
Hexes          | 3 4 5 |  5.0
Translocations | 2 4 |  4.0
Spellcasting   | 3 4 |  4.1
Fighting       | 2 4 6 7 |  7.5
Transmutations | 1 3 |  3.4
Poison Magic   | 1 3 |  3.5
Air Magic      | 2 |  2.1
Dodging        | |  1.7
Stealth        | |  1.7

Action                   |  1- 3 |  4- 6 |  7- 9 | 10-12 | 13-15 || total
-------------------------+-------+-------+-------+-------+-------++-------
Melee: Dagger            |     1 |    20 |     2 |     1 |       ||    24
       Whip              |       |     2 |       |       |       ||     2
       Trident           |       |       |   106 |   402 |    52 ||   560
       Punch             |       |       |       |     1 |     3 ||     4
Throw: Stone             |     1 |     6 |     6 |       |       ||    13
 Cast: Foxfire           |    26 |    60 |   133 |   212 |    66 ||   497
       Scorch            |     1 |    20 |    41 |   113 |    56 ||   231
       Conjure Flame     |       |     2 |    30 |    35 |     4 ||    71
       Inner Flame       |       |       |     6 |    23 |    14 ||    43
       Flame Wave        |       |       |       |    15 |    11 ||    26
       Blink             |       |       |       |     8 |     6 ||    14
       Apportation       |       |       |       |     4 |     2 ||     6
Evoke: Wand              |       |       |       |     2 |       ||     2
  Use: Scroll            |       |     7 |     7 |    10 |     2 ||    26
       Potion            |       |       |     2 |     5 |     2 ||     9
 Stab: Sleeping          |       |     2 |     2 |     4 |       ||     8
Armor: Ring mail         |       |    11 |    29 |   132 |    83 ||   255
       Robe              |       |     1 |       |       |       ||     1
Dodge: Dodged            |     2 |    21 |    35 |   161 |    74 ||   293

Table legend: (Time is in decaauts)
 A = Elapsed time spent in this place.
 B = Non-inter-level travel time spent in this place.
 C = Inter-level travel time spent in this place.
 D = Time resting spent in this place.
 E = Time spent auto-exploring this place.
 F = Levels seen in this place.
 G = Mean time per level.
                   A        B        C        D        E       F      G
               +--------+--------+--------+--------+--------+-----+--------+
         Total |  26092 |  24705 |   1387 |   9678 |   7831 |  17 | 1534.8 |
       Dungeon |  14757 |  13869 |    888 |   4537 |   5261 |  11 | 1341.5 |
          Lair |  10395 |   9896 |    499 |   4605 |   2548 |   5 | 2079.0 |
        Bailey |    938 |    938 |      0 |    536 |     22 |   1 |  938.0 |
               +--------+--------+--------+--------+--------+-----+--------+

Top non-repeatable levels by time:
  Lair:3: 3088 daAuts
     D:6: 2594 daAuts
  Lair:5: 2043 daAuts
  Lair:2: 1934 daAuts
     D:5: 1911 daAuts
    D:10: 1791 daAuts
  Lair:4: 1777 daAuts
     D:9: 1683 daAuts
  Lair:1: 1551 daAuts
     D:8: 1399 daAuts
     D:7: 1393 daAuts
     D:3: 1079 daAuts
     D:2: 1071 daAuts
  Bailey: 938 daAuts
     D:4: 819 daAuts
